 Dungeon Crawl Stone Soup version 0.26-a0-646-g5d7718319a (webtiles) character file.

Game seed: 13401167631199227058

52 MrRokkomies the Gusty (level 3, 0/30 HPs)
             Began as a Tengu Air Elementalist on Sept 24, 2020.
             Slain by an adder (2 damage)
             ... on level 2 of the Dungeon.
             The game lasted 00:02:11 (502 turns).

MrRokkomies the Gusty (Tengu Air Elementalist)       Turns: 502, Time: 00:02:11

Health: 0/30       AC: 21    Str:  8    XL:     3   Next: 85%
Magic:  0/7        EV:  2    Int: 16    God:
Gold:   0          SH:  0    Dex: 14    Spells: 5/6 levels left

rFire    . . .     SeeInvis .   g - +0 mace
rCold    . . .     Faith    .   (no shield)
rNeg     + + +     Spirit   .   (armour currently unavailable)
rPois    +         Reflect  .   (helmet currently unavailable)
rElec    .         Harm     .   (cloak currently unavailable)
rCorr    .         Rampage  .   (gloves currently unavailable)
MR       .....     NoTele   +   (boots unavailable)
Stlth    ++........             h - amulet of the acrobat
HPRegen  0.10/turn              (no ring)
MPRegen  0.10/turn              (no ring)

@: tree-form (expiring)
A: no striking features
a: no special abilities


You were on level 2 of the Dungeon.
You were a tree.
You visited 1 branch of the dungeon, and saw 2 of its levels.

Inventory:

Hand Weapons
 g - a +0 mace (weapon)
Armour
 a - a +0 robe (melded)
Jewellery
 f - an uncursed amulet of faith
 h - an amulet of the acrobat (around neck)
Scrolls
 b - a scroll of amnesia {unknown}
 d - a scroll of teleportation {unknown}
 j - a scroll of identify {unknown}
 k - a scroll of fear {unknown}
Potions
 c - a potion of lignification
 e - a potion of resistance {unknown}
 i - 2 potions of mutation {unknown}


   Skills:
 + Level 1.0 Fighting
 + Level 2.6 Dodging
 - Level 2.0 Stealth
 - Level 2.0 Spellcasting
 * Level 2.9 Conjurations
 * Level 4.8 Air Magic


You had 5 spell levels left.
You knew the following spells:

 Your Spells              Type           Power        Failure   Level
a - Shock                 Conj/Air       ##..         4%          1

Your spell library contained the following spells:

 Spells                   Type           Power        Failure   Level
 Swiftness                Air            ###.....     4%          2
 Static Discharge         Conj/Air       ##......     12%         3
 Airstrike                Air            ###.......   28%         4
 Lightning Bolt           Conj/Air       ##........   75%         5


Dungeon Overview and Level Annotations

Branches:
Dungeon (1/15)

Altars:


Innate Abilities, Weirdness & Mutations

((You have a beak for a mouth.))
((You have claws for feet.))


Message History

The adder is heavily wounded.
Your transformation is almost over.
The adder bites you but does no damage. x2
You barely miss the adder.
The adder is heavily wounded.
The adder bites you.
* * * LOW HITPOINT WARNING * * *
The adder bites you but does no damage.
Casting: Shock (safe; 4% risk of failure)
Confirm with . or Enter, or press ? or * to list all spells.
Aiming: Shock (safe; 4% risk of failure)
Press: ? - help, Shift-Dir - straight line The zap hits the adder.
The adder is almost dead.
The zap misses the adder.
The adder bites you but does no damage.
Unknown command.
You miss the adder.
The adder is almost dead.
The adder bites you.
You die...

... ## ...> #..
.#..##.##### .
...........
....##..#......
.?...†..>....
....##.†...#####
.g.............####
#.@.....#....7S#
##......#.####†..#
##.....#...)###..#
#.(##.#..#...##..#
#...#..##.#.[..##.#
#..#...###.##....#
.# #..##..#
#..##...## # #..#
#.. ##..##...# ..#
.. ##..###.#


You could see an adder.

Vanquished Creatures
  Jessica (D:2)
  An adder (D:2)
  A ball python (D:1)
  A hobgoblin (D:2)
  4 jackals (D:2)
  A quokka (D:2)
  4 bats (D:1)
  A frilled lizard (D:2)
  A goblin (D:2)
  A kobold (D:2)
  A rat (D:2)
17 creatures vanquished.

Notes
Turn   | Place    | Note
-------+----------+-------------------------------------------
     0 | D:1      | MrRokkomies the Tengu Air Elementalist began the quest for
                  | the Orb.
     0 | D:1      | Reached XP level 1. HP: 10/10 MP: 4/4
   238 | D:1      | You fall into a shaft and drop 1 floor!
   247 | D:2      | Reached XP level 2. HP: 15/15 MP: 0/6
   387 | D:2      | Noticed Jessica
   413 | D:2      | Killed Jessica
   413 | D:2      | Reached XP level 3. HP: 20/20 MP: 1/7
   489 | D:2      | Reached skill level 1 in Fighting
   502 | D:2      | Slain by an adder

Illustrated notes

Levels and vault maps discovered:
D:1:      elethiomel_arrival_maze, layout_loops_corners, serial_park_tiny_1,
          st_stairs_5, minmay_misc_feat_alley, xom_teletrap_fun
D:2:      minmay_evil_eye, layout_rooms, old_standard_altar,
          nemelex_lonely_heart_becter, uniq_crazy_yiuf_cottage

Skill      XL: |  1  2  3 |
---------------+----------+-----
Conjurations   | 2 |  2.9
Fighting       | 1 |  1.0
Dodging        | |  2.6
Stealth        | |  2.0
Spellcasting   | |  2.0
Air Magic      | |  4.8

Action                   || total
-------------------------++-------
Melee: Mace              ||    11
 Cast: Shock             ||    35
  Use: Potion            ||     1
Armor: Skin              ||    19
       Robe              ||     1
Dodge: Dodged            ||     9

Table legend: (Time is in decaauts)
 A = Elapsed time spent in this place.
 B = Non-inter-level travel time spent in this place.
 C = Inter-level travel time spent in this place.
 D = Time resting spent in this place.
 E = Time spent auto-exploring this place.
 F = Levels seen in this place.
 G = Mean time per level.
                   A        B        C        D        E       F      G
               +--------+--------+--------+--------+--------+-----+--------+
         Total |    505 |    505 |      0 |      5 |    373 |   2 |  252.5 |
       Dungeon |    505 |    505 |      0 |      5 |    373 |   2 |  252.5 |
               +--------+--------+--------+--------+--------+-----+--------+

Top non-repeatable levels by time:
     D:2: 267 daAuts
     D:1: 237 daAuts
